Map: Dusk Towers

Players

capac

  • Race: Terran Terran
  • League: Gold

Shiny - Winner!

  • Race: Zerg Zerg
  • League: Gold

VOD

Have the link to the VOD?

Description

Time

  • Played on: April 11, 2016, 3:15 p.m.
  • Length: 36:16
Show
View Real Time Build Order
Export as new Build Order

capac Terran 

Build Orders: Reaper Expand, MMM Bio 

Get SALT Encoding   

  12  0:00  SCV  
  13  0:13  SCV  
  14  0:17  Supply Depot  
  14  0:25  SCV  
  15  0:39  SCV  
  15  0:42  Barracks  
  16  0:47  Refinery  
  16  0:51  SCV  
  17  1:03  SCV  
  18  1:15  SCV  
  19  1:29  Orbital Command  
  19  1:31  Reaper  
  20  1:40  Command Center  
  20  1:48  Supply Depot  
  20  1:54  SCV  
  21  2:04  Barracks  
  21  2:09  SCV  
  21  2:10  Barracks Reactor  
  22  2:21  SCV  
  23  2:28  Refinery  
  23  2:30  Factory  
  23  2:33  SCV  
  24  2:45  SCV  
  24  2:47  Marine x2  
  27  2:56  Marine  
  27  2:57  SCV  
  29  3:05  Orbital Command  
  29  3:13  Marine x2  
  29  3:15  Barracks Tech Lab  
  29  3:18  Starport, Factory Tech Lab  
  31  3:26  SCV  
  32  3:30  Refinery  
  32  3:37  SCV  
  32  3:38  SCV  
  32  3:39  Marine x2  
  32  3:40  Marine  
  37  3:49  SCV  
  37  3:50  SCV  
  37  3:52  Supply Depot  
  39  3:56  Medivac, Stimpack  
  39  4:01  SCV  
  39  4:02  SCV  
  43  4:04  Marine  
  43  4:09  Marine x2  
  46  4:14  SCV  
  46  4:15  SCV  
  48  4:19  Supply Depot  
  48  4:22  Marine  
  49  4:25  Siege Tank  
  49  4:27  Marine  
  52  4:40  Starport Reactor  
  52  4:42  Marine x2  
  52  4:45  Marine  
  55  4:50  SCV  
  55  4:51  SCV, Command Center  
  57  4:57  Refinery  
  57  5:00  Marine x2  
  57  5:02  Marine  
  60  5:20  Marine x2  
  62  5:27  Supply Depot  
  62  5:29  Marine, SCV x2, Medivac x2  
  72  5:35  Siege Tank  
  72  5:38  Marine x2  
  72  5:41  SCV x2  
  76  5:43  Barracks  
  76  5:47  Marine  
  77  5:53  SCV x2  
  79  5:57  Marine x2  
  79  6:01  Combat Shields  
  81  6:05  Supply Depot, Marine  
  81  6:06  Liberator x2  
  82  6:15  Marine x2  
  84  6:22  Marine  
  91  6:26  SCV x2  
  91  6:30  Supply Depot  
  93  6:33  Marine x2  
  93  6:38  SCV x2, Barracks Reactor  
  97  6:40  Marine  
  97  6:41  Siege Tank  
  101  6:50  Orbital Command  
  101  7:12  Liberator x2  
  98  7:27  Marine  
  98  7:28  Marine x4  
  104  7:38  Siege Tank  
  104  7:42  Supply Depot  
  104  7:43  Starport  
  107  7:45  Marine x2  
  107  7:46  Marauder  
  107  7:47  Barracks  
  107  7:48  Barracks  
  110  8:08  Marine x5  
  109  8:24  Starport Reactor  
  109  8:25  Marine  
  109  8:26  Marine x4  
  113  8:27  Factory  
  113  8:29  Supply Depot  
  113  8:33  Supply Depot, SCV x2  
  115  8:39  Medivac x2  
  119  8:43  Marine  
  120  9:01  Marine x4  
  120  9:02  Marine  
  127  9:05  Barracks Reactor  
  127  9:06  Barracks Reactor  
  127  9:08  SCV  
  127  9:09  SCV x2  
  128  9:13  Refinery x2  
  128  9:15  Command Center  
  128  9:21  SCV x2  
  130  9:36  Marine x4  
  130  9:37  Marine  
  135  9:39  Medivac x2  
  139  9:52  Liberator x2  
  124  10:03  Marine x4  
  124  10:04  Marine x5  
  137  10:21  Marine x5  
  123  10:22  Marine x4  
  126  10:35  Liberator  
  121  10:39  Marine x6  
  121  10:40  Marine x2  
  122  10:44  Marine  
  120  10:56  Marine  
  120  10:57  Marine x7  
  112  11:02  Marine  
  109  11:13  Liberator  
  109  11:14  Marine x3  
  109  11:15  Marine x3  
  115  11:19  SCV x3  
  115  11:20  Marauder  
  120  11:28  Marine x2, Command Center  
  120  11:31  Factory Tech Lab, SCV x3  
  120  11:32  Marine x3  
  129  11:35  Medivac x2  
  129  11:36  Medivac  
  129  11:38  Supply Depot, Marine x3  
  139  11:41  Marauder  
  141  11:59  Engineering Bay x2  
  141  12:00  Marine x2  
  141  12:01  Marine x6  
  144  12:02  Marine  
  144  12:05  Medivac  
  152  12:18  Marine x2  
  152  12:20  Marine x3  
  152  12:21  Marine x4  
  161  12:31  Hi-Sec Auto Tracking  
  161  12:34  Planetary Fortress  
  161  12:36  Marine x2  
  163  12:39  Marauder  
  159  13:00  Liberator x4  
  159  13:10  Starport  
  159  13:14  Marine x4  
  159  13:18  SCV x2  
  159  13:19  SCV  
  178  13:23  Missile Turret  
  178  13:30  SCV  
  179  13:48  Starport Reactor  
  150  14:45  Marine x2  
  143  14:46  Marine x6  
  143  14:47  Marine  
  143  14:51  Siege Tank  
  155  15:03  Marine x3  
  155  15:04  Marine x3  
  158  15:23  Siege Tank  
  157  15:36  Widow Mine x2  
  160  15:45  Liberator x4  
  154  15:55  Siege Tank  
  161  16:13  Planetary Fortress  
  161  16:18  SCV x3  
  164  16:22  Terran Infantry Weapons Level 1, Terran Infantry Armor Level 1  
  164  16:27  Marine, Siege Tank  
  164  16:28  Marine x6  
  164  16:29  Marauder, Armory  
  164  16:30  SCV  
  164  16:31  Refinery, Raven  
  179  16:34  Refinery  
  179  16:51  Marauder  
  156  17:12  Marauder  
  154  17:33  Marauder  
  154  17:36  Command Center  
  156  17:53  Command Center  
  156  17:54  SCV  
  156  17:55  Marine  
  156  17:56  Marine x5  
  163  17:59  Barracks Tech Lab x2  
  163  18:06  Barracks, SCV  
  163  18:09  Barracks  
  164  18:13  Barracks  
  164  18:15  Barracks  
  164  18:46  Marine, SCV  
  164  18:47  Marine x2  
  171  18:52  Marine x5  
  114  19:31  Marine x6  
  114  19:38  Marauder, Marine  
  114  19:42  Marine x3  
  112  19:53  Supply Depot  
  112  19:54  Supply Depot  
  112  19:55  Supply Depot, Barracks  
  112  19:57  Supply Depot  
  112  20:15  Marine  
  112  20:16  Barracks Tech Lab, Marine x2  
  112  20:18  Barracks Reactor  
  113  20:29  Starport  
  113  20:30  Barracks Tech Lab, Starport  
  113  20:31  Starport  
  113  20:33  Marine  
  114  20:51  Marine  
  114  20:53  Planetary Fortress  
  115  20:57  Marine x6  
  115  20:58  Marine x2  
  115  21:00  Marine  
  115  21:03  Marauder x3  
  130  21:08  Medivac x3  
  130  21:09  Marine  
  135  21:14  Marine  
  135  21:15  Marine x2  
  138  21:28  Missile Turret  
  138  21:35  Refinery  
  138  21:53  Marine  
  138  21:55  Marine  
  138  21:56  Marine  
  138  22:05  Starport Reactor  
  138  22:07  Starport Tech Lab  
  138  22:10  Starport  
  138  22:12  Starport Reactor  
  138  22:13  Supply Depot x2  
  138  22:14  Supply Depot  
  138  22:15  Supply Depot  
  128  22:36  Marauder x3, Marine x3  
  137  22:38  Command Center  
  137  22:45  SCV  
  137  22:46  Liberator, SCV  
  137  22:47  Liberator x3  
  140  22:52  Orbital Command, SCV  
  140  22:56  Barracks Tech Lab  
  140  22:58  Barracks Reactor  
  140  23:03  Marauder, Marine x8, SCV x2  
  140  23:04  SCV  
  168  23:06  Starport Reactor  
  168  23:07  Raven  
  168  23:10  Supply Depot  
  168  23:12  Supply Depot  
  167  23:15  SCV x2  
  167  23:17  Supply Depot  
  169  23:31  Marauder  
  169  23:32  Marauder x4  
  169  23:33  Marine x5  
  169  23:34  Marine x3  
  185  23:35  Marine x2  
  185  23:36  Factory Tech Lab  
  189  23:53  Marauder  
  189  24:29  Marine x2  
  189  24:30  Marine x6  
  189  24:31  Marine x6  
  188  24:32  Marine  
  188  24:38  Liberator x4  
  193  24:42  Liberator  
  177  24:47  Marine x3  
  177  24:48  Marine x3  
  179  25:48  Marine  
  165  26:33  Marine  
  165  27:09  Marine  
  165  27:10  Marine x2  
  165  27:11  Marine, Medivac  
  165  27:12  Medivac x2  
  165  27:13  Medivac  
  157  27:28  Marine x2  
  159  27:41  Medivac x2  
  159  27:42  Medivac  
  165  28:12  Supply Depot  
  165  28:13  Medivac x4  
  173  28:22  Supply Depot  
  125  28:43  Medivac x2  
  126  28:52  Marine x3  
  126  28:53  Marine  
  130  29:10  Marine  
  130  29:11  Engineering Bay, Marauder x2  
  135  29:32  Marauder  
  137  30:00  Liberator  
  137  30:01  Liberator x3  
  135  30:20  Marine x4  
  151  30:28  Barracks  
  151  30:30  Barracks  
  151  30:32  SCV  
  152  30:37  Command Center  
  152  30:38  Marine x2  
  152  30:39  Marauder x2  
  158  30:44  SCV  
  159  30:56  SCV  
  160  31:00  Marauder, Medivac x2  
  167  31:14  Orbital Command  
  113  32:21  Marine x4  
  89  32:29  Marine  
  80  32:30  Marine x2  
  72  32:39  Marine x3  
  72  32:42  Marine  
  74  32:47  Marine x2  
  74  32:48  Marine  
  74  32:56  Marine  
  74  32:57  Marine x2  
  77  32:59  Orbital Command  
  77  33:00  Marine  
  77  33:05  Marine x3  
  79  33:07  Barracks  
  81  33:14  Marine x3  
  81  33:18  Marine  
  85  33:23  Marine x3  
  88  33:32  Marine x3  
  91  33:36  Marine  
  91  33:41  Marine x3  
  95  33:50  Marine x3, SCV x3  
  95  33:54  Marine  
  102  33:57  Orbital Command  
  102  33:58  Marine  
  102  33:59  Marine x2  
  97  34:40  Viking  
  97  34:41  Viking x3  
  93  35:10  Viking  
  93  35:11  Viking x2  
  93  35:16  Viking  
  92  35:21  Orbital Command  
Show
View Real Time Build Order
Export as new Build Order

Shiny Zerg - Winner!

Build Orders: Hatch First, Lurkers 

Get SALT Encoding   

  12  0:01  Drone  
  13  0:12  Overlord  
  13  0:17  Drone  
  14  0:33  Drone x2  
  16  0:36  Drone  
  17  0:56  Hatchery  
  16  0:58  Extractor  
  15  1:10  Spawning Pool  
  15  1:11  Drone  
  15  1:15  Drone  
  16  1:19  Drone  
  16  1:24  Drone  
  18  1:33  Overlord  
  18  1:46  Drone  
  19  1:57  Queen  
  19  1:59  Metabolic Boost  
  21  2:08  Queen  
  21  2:12  Drone  
  21  2:13  Drone  
  25  2:20  Drone x2  
  27  2:29  Drone x2  
  29  2:34  Queen  
  31  2:44  Queen  
  33  3:07  Drone  
  33  3:08  Drone x2  
  33  3:09  Overlord x3  
  36  3:23  Roach Warren  
  35  3:38  Hatchery  
  34  3:44  Drone x2  
  34  3:45  Drone  
  34  3:47  Drone x3  
  34  3:48  Drone  
  41  3:59  Zergling x6  
  41  4:00  Zergling x2  
  45  4:04  Lair  
  45  4:08  Extractor  
  45  4:09  Drone  
  45  4:16  Drone x2  
  45  4:17  Drone x2  
  49  4:25  Extractor, Drone  
  49  4:26  Extractor, Drone x3  
  51  4:38  Evolution Chamber  
  50  4:39  Evolution Chamber  
  50  4:40  Drone x2  
  51  4:51  Queen  
  53  5:06  Drone x2  
  55  5:12  Drone  
  55  5:13  Drone x8  
  60  5:18  Roach  
  60  5:19  Overlord, Roach x2  
  60  5:20  Overlord  
  66  5:38  Roach x6  
  66  5:41  Overlord  
  66  5:42  Overlord  
  78  5:44  Zerg Missile Weapons Level 1  
  78  5:46  Zerg Ground Armor Level 1, Glial Reconstitution  
  78  5:54  Hydralisk Den  
  77  5:57  Drone  
  78  6:09  Drone x2  
  78  6:10  Drone x3  
  83  6:14  Extractor  
  83  6:15  Extractor  
  81  6:19  Pneumatized Carapace  
  81  6:20  Burrow  
  81  6:23  Zergling x18  
  90  6:38  Drone x4  
  90  6:39  Drone x2  
  96  6:43  Drone x2  
  96  6:44  Overlord x2  
  98  6:54  Overlord x3  
  98  6:59  Muscular Augments  
  98  7:07  Infestation Pit  
  97  7:11  Spore Crawler  
  97  7:14  Spore Crawler  
  97  7:15  Spore Crawler  
  80  7:26  Roach x11  
  88  7:43  Roach x7  
  102  7:51  Drone x3  
  99  7:59  Drone x2  
  97  8:40  Queen  
  99  8:49  Extractor  
  99  8:54  Hatchery  
  97  9:00  Lurker Den  
  97  9:04  Zerg Missile Weapons Level 2, Zerg Ground Armor Level 2  
  97  9:06  Hydralisk  
  97  9:07  Hydralisk x7  
  113  9:19  Spore Crawler  
  113  9:20  Spore Crawler  
  113  9:23  Roach  
  113  9:24  Roach x5  
  122  9:31  Hydralisk  
  122  9:32  Spine Crawler, Hydralisk x2  
  122  9:33  Spine Crawler  
  122  9:37  Hydralisk  
  128  9:38  Overlord  
  128  9:39  Overlord  
  87  10:02  Hydralisk  
  87  10:03  Hydralisk x7  
  92  10:17  Roach  
  92  10:18  Roach x6  
  92  10:25  Roach  
  92  10:26  Roach x3  
  92  10:28  Hydralisk  
  84  10:54  Roach x3  
  84  10:55  Roach x6  
  94  11:10  Hatchery  
  94  11:11  Hydralisk x4  
  93  11:12  Hydralisk  
  93  11:16  Queen  
  105  11:30  Lurker x2  
  107  11:35  Queen  
  109  11:45  Hydralisk x2  
  109  11:46  Hydralisk x2  
  117  11:50  Zergling x2  
  117  11:52  Zergling x2  
  117  11:53  Zergling x8  
  117  11:54  Zergling x2  
  124  12:03  Drone  
  124  12:04  Drone x4  
  124  12:07  Extractor  
  128  12:17  Lurker x2  
  128  12:18  Lurker  
  131  12:27  Drone x7  
  131  12:28  Queen  
  140  12:33  Drone x4  
  144  12:46  Overlord x3  
  144  12:52  Hatchery  
  143  13:04  Roach  
  145  13:08  Lurker x5  
  145  13:09  Roach  
  145  13:10  Roach x4  
  160  13:13  Roach x2  
  160  13:14  Roach  
  160  13:19  Hydralisk  
  166  13:21  Overlord x2  
  161  13:34  Hydralisk  
  161  13:35  Hydralisk x2  
  161  13:36  Overlord x2  
  161  13:37  Overlord  
  167  13:44  Drone x5  
  172  13:57  Overseer  
  172  14:00  Hive  
  172  14:29  Overseer x4  
  166  14:46  Drone x2  
  166  14:47  Drone  
  166  14:48  Hydralisk  
  166  14:49  Hydralisk x14  
  199  15:02  Drone  
  200  15:07  Extractor x2  
  186  15:37  Hydralisk x5  
  186  15:38  Hydralisk x2  
  200  15:47  Nydus Network  
  195  16:03  Drone x3  
  198  16:26  Zerg Missile Weapons Level 3  
  198  16:27  Zerg Ground Armor Level 3  
  198  16:29  Zergling x4  
  180  17:01  Hydralisk  
  180  17:02  Hydralisk x11  
  154  17:35  Zergling x4  
  154  17:36  Zergling x30  
  169  18:08  Nydus Canal  
  169  18:26  Hatchery  
  165  18:47  Roach x12  
  165  18:48  Roach x8  
  200  18:54  Overlord  
  200  18:55  Overlord x9  
  137  19:54  Zergling x2  
  137  19:55  Zergling x28  
  137  19:58  Adrenal Glands  
  148  20:07  Drone x3  
  151  20:26  Spore Crawler x2  
  149  20:35  Spore Crawler x2  
  148  20:36  Lurker x4, Spore Crawler  
  148  20:37  Spore Crawler, Lurker x3, Hydralisk  
  148  20:38  Hydralisk x16  
  148  20:40  Spore Crawler  
  148  20:41  Overseer  
  148  20:42  Overseer x3  
  185  21:21  Nydus Canal  
  185  21:23  Drone x2  
  185  21:24  Drone  
  188  21:36  Zergling x14  
  188  21:37  Zergling x10  
  184  22:22  Hydralisk  
  178  22:23  Hydralisk x11  
  180  22:46  Spine Crawler  
  180  22:47  Spine Crawler  
  180  22:48  Spine Crawler x2  
  180  22:49  Spine Crawler, Spore Crawler  
  174  23:02  Ultralisk Cavern  
  173  23:08  Baneling Nest  
  173  23:10  Extractor  
  171  23:13  Zergling x2, Extractor  
  171  23:14  Zergling x32  
  187  23:48  Pathogen Glands  
  187  23:51  Tunneling Claws, Zerg Melee Weapons Level 1  
  187  23:58  Nydus Canal  
  187  24:00  Chitinous Plating  
  187  24:07  Spire  
  186  24:41  Hatchery  
  180  25:08  Drone x13  
  176  25:23  Hatchery  
  174  25:32  Hatchery  
  151  25:51  Zergling x2  
  151  25:52  Zergling x52  
  151  25:53  Zergling x10  
  179  26:28  Hydralisk  
  179  26:30  Hydralisk x5  
  179  26:31  Hydralisk x4  
  198  27:15  Hydralisk  
  179  27:16  Hydralisk x9  
  187  27:24  Drone  
  187  27:27  Drone  
  187  27:36  Extractor  
  186  27:40  Extractor  
  186  27:42  Drone x3  
  188  27:57  Drone x2  
  188  27:58  Drone  
  191  28:02  Roach x4  
  160  28:43  Hydralisk x9  
  160  28:44  Hydralisk x7  
  154  28:57  Extractor  
  154  29:01  Extractor  
  152  29:05  Extractor  
  151  29:10  Extractor  
  151  29:12  Lurker  
  151  29:13  Lurker x7  
  151  29:15  Overlord x5  
  151  29:16  Overlord x5  
  149  29:30  Overseer x5  
  149  29:31  Overlord  
  149  29:32  Overlord x5  
  149  29:55  Corruptor x3  
  149  29:56  Corruptor x2  
  159  30:01  Greater Spire  
  151  30:11  Queen  
  151  30:13  Queen  
  148  30:24  Zergling x2  
  148  30:25  Zergling x26  
  162  30:29  Zergling x2  
  162  30:32  Centrifical Hooks  
  163  30:37  Zerg Melee Weapons Level 2  
  163  30:39  Neural Parasite  
  163  30:42  Queen  
  165  30:45  Zergling x22  
  165  30:46  Zergling x2  
  165  30:47  Baneling x14  
  165  30:48  Baneling x2  
  165  30:49  Lurker x3  
  180  30:51  Baneling  
  180  30:53  Baneling x9  
  180  30:54  Baneling x4  
  180  31:30  Hydralisk x4  
  180  31:31  Hydralisk x5  
  189  31:55  Lurker x2  
  189  31:56  Lurker x2  
  193  32:04  Brood Lord x3  
  186  32:17  Baneling x25  
  167  32:42  Corruptor x3  
  167  32:44  Corruptor x2  
  171  32:45  Corruptor  
  172  32:58  Drone x3  
  175  33:00  Drone x2  
  177  33:46  Brood Lord x3  
  177  33:47  Corruptor  
  177  33:48  Corruptor  
  187  33:56  Hatchery  
  186  34:04  Roach x3  
  186  34:05  Queen  
  173  34:29  Drone x8  
  168  34:37  Roach  
  168  34:38  Roach x4  
  168  34:48  Drone  
  168  34:49  Drone x6  
  175  35:06  Overlord  
  155  35:29  Drone  
  153  35:45  Drone x3  
  153  35:46  Hatchery  
Tags
 
Add a new tag
Caveats
  • Supply blocks, unpowered buildings, or Contaminate may cause inaccurate times.
  • Supply counts are checked every 10 seconds.